 Dungeon Crawl Stone Soup version 0.30.1 (webtiles) character file.

Game seed: 10735480039190054195

200406 McKennaii the Devastator (level 17, -5/133 HPs)
             Began as a Demigod Conjurer on July 10, 2023.
             Slain by a spark wasp (14 damage)
             ... on level 1 of the Spider Nest.
             The game lasted 01:21:35 (56651 turns).

McKennaii the Devastator (Demigod Conjurer)        Turns: 56651, Time: 01:21:36

Health: -5/133     AC: 11    Str: 11    XL:     17   Next: 27%
Magic:  26/52      EV: 11    Int: 40    God:
Gold:   4500       SH:  5    Dex:  8    Spells: 17/49 levels left

rFire   . . .        j - staff of cold
rCold   + . .        (no shield)
rNeg    . . .        e - +1 robe {Archmagi}
rPois   +            S - +1 hat {Stlth+}
rElec   .            D - +2 cloak {rPois}
rCorr   .            L - +2 pair of gloves {Str+3}
SInv    +            T - +0 pair of boots
Will    ++...        y - amulet of reflection
Stlth   ++           w - ring "Jostrara" {Fly Will+ Dex-4 SInv}
HPRegen 0.42/turn    i - ring of magical power
MPRegen 0.33/turn

%: reflection, archmagi
@: marked, flying, very slightly contaminated
A: high MP 1, forlorn, divine attributes
}: 1/15 runes: barnacled
a: no special abilities


You were on level 1 of the Spider Nest.
You visited 5 branches of the dungeon, and saw 28 of its levels.
You also visited: Bailey and Ice Cave.

You collected 5434 gold pieces.
You spent 934 gold pieces at shops.

Inventory:

Hand Weapons
 Q - the +8 great mace "Keomomer" {flame, Drain rPois rF+ Will+}
   (You found it in a bailey)

   rF:        It protects you from fire.
   rPois:     It protects you from poison.
   Drain:     It drains your maximum health when unequipped.
   Will:      It increases your willpower.
 R - the +11 trident of the Twenty Wishes {flame, rElec rPois Str+3}
   (You found it on level 4 of the Shoals)

   Str:       It affects your strength (+3).
   rElec:     It insulates you from electricity.
   rPois:     It protects you from poison.
Armour
 e - a +1 robe of the Archmagi (worn)
 r - +4 steam dragon scales
 D - a +2 cloak of poison resistance (worn)
 L - a +2 pair of gloves of strength (worn)
 S - a +1 hat of stealth (worn)
 T - a +0 pair of boots (worn)
Magical Staves
 j - a staff of cold (weapon)
Jewellery
 i - a ring of magical power (right hand)
 q - a ring of positive energy
 w - the ring "Jostrara" (left hand) {Fly Will+ Dex-4 SInv}
   (You found it in an ice cave)

   [ring of see invisible]

   Dex:       It affects your dexterity (-4).
   SInv:      It lets you see invisible.
   Fly:       It grants you flight.
   Will:      It increases your willpower.
 y - an amulet of reflection (around neck)
 N - the ring "Iteb Reu" {*Slow Str+6 Int+5 Stlth+}
   (You found it on level 4 of the Shoals)

   [ring of strength]

   Str:       It affects your strength (+6).
   Int:       It affects your intelligence (+5).
   *Slow:     It may slow you when you take damage.
   Stlth:     It makes you more stealthy.
 O - a ring of protection from fire
 V - a +6 ring of intelligence
 X - the ring of Beasos {rElec Str+6}
   (You found it in an ice cave)

   [ring of strength]

   Str:       It affects your strength (+6).
   rElec:     It insulates you from electricity.
 Z - a ring of ice
Wands
 f - a wand of charming (22)
 v - a wand of flame (68)
 E - a wand of roots (33)
 F - a wand of digging (11)
 I - a wand of polymorph (14)
Scrolls
 g - a scroll of butterflies
 h - 3 scrolls of immolation
 l - 4 scrolls of amnesia
 m - 15 scrolls of teleportation
 n - 9 scrolls of enchant weapon
 s - 3 scrolls of blinking
 x - 5 scrolls of poison
 A - 6 scrolls of fog
 B - 4 scrolls of brand weapon
 C - 2 scrolls of vulnerability
 M - 5 scrolls of magic mapping
Potions
 a - 5 potions of haste
 b - 6 potions of magic
 c - 6 potions of heal wounds
 d - 10 potions of brilliance
 k - 16 potions of curing
 o - 2 potions of ambrosia
 p - 9 potions of mutation
 t - 5 potions of might
 u - 3 potions of attraction
 z - 3 potions of lignification
 G - 2 potions of berserk rage
 H - 3 potions of cancellation
 J - 8 potions of flight
 K - 4 potions of invisibility


   Skills:
 + Level 7.6 Fighting
 - Level 1.7 Dodging
 - Level 1.7 Stealth
 + Level 16.6 Spellcasting
 + Level 17.9 Conjurations
 + Level 15.7 Ice Magic


You had 17 spell levels left.
You knew the following spells:

 Your Spells              Type           Power      Damage    Failure   Level
a - Magic Dart            Conj           100%       1d8       0%          1
b - Searing Ray           Conj           100%       2d8       0%          2
c - Iskenderun's Mystic   Conj/Tloc      100%       2d19      1%          4
d - Fireball              Conj/Fire      51%        3d20      1%          5
e - Orb of Destruction    Conj           66%        9d16      1%          7
f - Ozocubu's Refrigerat  Ice            75%        4d24      1%          7
w - Iron Shot             Conj/Erth      51%        9d10      3%          6

Your spell library contained the following spells:

 Spells                   Type           Power      Damage    Failure   Level
 Iskenderun's Battlesphe  Conj           100%       2d15      0%          5
 Apportation              Tloc           98%        N/A       1%          1
 Beastly Appendage        Tmut           98%        N/A       1%          1
 Necrotise                Necr           100%       1d9       1%          1
 Sandblast                Erth           98%        2d20      1%          1
 Slow                     Hex            100%       N/A       1%          1
 Summon Small Mammal      Summ           100%       N/A       1%          1
 Ensorcelled Hibernation  Hex/Ice        100%       N/A       1%          2
 Passwall                 Tmut/Erth      40%        N/A       1%          2
 Wereblood                Tmut           49%        N/A       1%          2
 Dazzling Flash           Conj/Hex       100%       N/A       1%          3
 Stone Arrow              Conj/Erth      100%       3d13      1%          3
 Fulminant Prism          Conj/Hex       51%        3d22      1%          4
 Summon Ice Beast         Ice/Summ       100%       N/A       1%          4
 Arcjolt                  Conj/Air       51%        1d61      1%          5
 Confusing Touch          Hex            49%        N/A       2%          3
 Spider Form              Tmut/Pois      49%        N/A       2%          3
 Swiftness                Air            49%        N/A       2%          3
 Vampiric Draining        Necr           49%        2d9       2%          3
 Vhi's Electric Charge    Tloc/Air       98%        N/A       2%          3
 Conjure Ball Lightning   Conj/Air       51%        3x3d18    3%          6
 Simulacrum               Ice/Necr       60%        N/A       5%          6
 Animate Armour           Summ/Erth      98%        N/A       9%          4
 Leda's Liquefaction      Hex/Erth       24%        N/A       9%          4
 Summon Lightning Spire   Summ/Air       49%        N/A       9%          4
 Blade Hands              Tmut           24%        N/A       26%         5
 Lee's Rapid Deconstruct  Erth           24%        3d13*     26%         5
 Summon Mana Viper        Hex/Summ       49%        N/A       26%         5
 Plasma Beam              Fire/Air       24%        2x1d40    80%         6
 Statue Form              Tmut/Erth      32%        N/A       80%         6
 Polar Vortex             Ice            75%        N/A       80%         9
 Monstrous Menagerie      Summ           24%        N/A       100%        7
 Storm Form               Tmut/Air       24%        N/A       100%        7
 Maxwell's Capacitive Co  Air            24%        ∞         100%        8


Dungeon Overview and Level Annotations

Branches:
Dungeon (15/15)            Temple (0/1) D:7            Lair (5/5) D:8
 Shoals (4/4) Lair:3       Spider (2/4) Lair:3        Slime (0/5) Lair:5
    Orc (2/2) D:11            Elf (0/3) Orc:2        Vaults (0/5) D:13
 Depths (0/4) D:15         Bailey (visited)           IceCv (visited)

Shops:
D:4 [   D:10 ?   D:12 *   Orc:2 !([(*(*


Innate Abilities, Weirdness & Mutations

You have an increased reservoir of magic. (+10% MP)
You shall have no god before yourself.
Your divine heritage dramatically boosts your attributes as you level up.


Message History

Unknown command.
Blink to where?
Press: ? - help, Dir - move target
As you read the scroll of blinking, it crumbles to dust.
You feel much better.
The spark wasp bursts into living lightning!
The living lightning hits you!
* * * LOW HITPOINT WARNING * * *
The spark wasp blinks!
Unknown command.
You feel much better.
The spark wasp stings you but does no damage.
Unknown command.
Aiming: Fastroot
Press: ? - help, Shift-Dir - straight line
Okay, then.
Okay, then.
Okay, then.
Aiming: Dig
Press: ? - help, Shift-Dir - straight line, f - you Please select a direction to dig.
Okay, then.
Aiming: Charm
Press: ? - help, Shift-Dir - straight line, f - spark wasp
Aim: a spark wasp (almost dead, chance to affect: 31%)
Okay, then.
Aiming: Polymorph
Press: ? - help, Shift-Dir - straight line, f - spark wasp
Aim: a spark wasp (almost dead, will become a skyshark, an ice dragon, or a fire dragon, chance to affect: 31%)
Okay, then.
Unknown command.
Okay, then.
Magic courses through your body. The spark wasp stings you.
* * * LOW HITPOINT WARNING * * *
The spark wasp shocks you!
* * * LOW HITPOINT WARNING * * *
The spark wasp stings you!
* * * LOW HITPOINT WARNING * * *
The spark wasp shocks you!
You die...

####################### #########
.....#....#.#...@y...^###...#....
..........#.............#........
..........#.............#......^.
........####...##...##..#........
..##...........###...#......##...
...##....>......##.###.......#.##
....##...........### ##....#####
###..####.......## ######
.##...#####...###


You could see a spark wasp.

Vanquished Creatures
  Nikola (Shoals:4)
  A golden dragon (IceCv)
  Polyphemus (Shoals:4)
  2 krakens
  Gastronok (Lair:3)
  Kirke (Shoals:3)
  Roxanne (Shoals:3)
  Donald (Shoals:4)
  2 frost giants (Shoals:4)
  Aizul (Shoals:4)
  An orc warlord (Orc:2)
  An angel (D:9)
  A stone giant (Shoals:1)
  Nessos (D:12)
  A spark wasp (Spider:1)
  Snorg (D:11)
  11 merfolk impalers
  6 merfolk javelineers
  A fire dragon (D:13)
  Fannar (D:11)
  7 hydras
  5 ice dragons (IceCv)
  Erolcha (D:10)
  4 centaur warriors
  Erica (D:11)
  4 merfolk avatars
  5 merfolk aquamancers
  A two-headed ogre (D:8)
  4 boulder beetles
  3 alligator snapping turtles
  3 catoblepae
  The ghost of peterlawrence the Bludgeoner, a novice MiFi (D:8)
  4 satyrs
  2 orc high priests (Orc:2)
  Urug (D:13)
  2 death yaks (Shoals:4)
  3 pharaoh ants (Spider:1)
  7 skysharks
  Sonja (D:10)
  Amaemon (D:8)
  A storm dragon skeleton (D:15)
  A sun moth (Spider:1)
  2 goliath frogs (Lair:5)
  11 sea snakes
  A shadow wraith (D:13)
  2 skeletal warriors (D:15)
  A flayed ghost (D:15)
  A deep troll (D:13)
  An orb spider (Spider:1)
  A wizard (D:14)
  A kraken simulacrum (Shoals:4)
  An orange crystal statue (IceCv)
  3 orc knights
  A steelbarb worm (Spider:1)
  12 ugly things
  2 fire giant zombies (D:15)
  2 necromancers
  2 deep elf pyromancers
  3 wolf spiders (Spider:1)
  Pikel (D:8)
  13 harpies
  2 oklob plants
  4 orc sorcerers
  18 manticores
  6 cyclopes
  21 fauns
  3 black mambas
  A moth of wrath (Spider:1)
  14 merfolk sirens
  Joseph (D:8)
  Maurice (D:11)
  An eye of devastation (shapeshifter) (D:14)
  3 demonic crawlers
  24 cane toads
  5 water nymphs
  3 gargoyles
  2 storm dragon simulacra (IceCv)
  An unseen horror (D:11)
  An orange demon (D:8)
  2 efreet (D:13)
  An unseen horror (shapeshifter) (D:15)
  6 komodo dragons
  Psyche (D:8)
  2 rime drakes
  6 golden dragon simulacra (IceCv)
  7 trolls
  A tyrant leech (Lair:5)
  7 polar bears
  23 merfolk
  6 wind drakes
  10 tarantellas
  6 dream sheep (Shoals:2)
  23 blink frogs
  An ettin zombie (D:15)
  14 snapping turtles
  3 spriggans (D:8)
  15 jumping spiders
  Sigmund (D:3)
  A culicivora (shapeshifter) (D:14)
  3 centaur simulacra
  28 slime creatures
  A vampire (D:10)
  7 water elementals
  4 wraiths
  61 yaks
  8 culicivoras (Spider:1)
  8 wyverns
  2 hogs (Shoals:3)
  19 redbacks
  2 basilisks
  Grum (D:8)
  A steam dragon (D:8)
  8 vampire mosquitoes
  3 death yak simulacra (Shoals:4)
  A redback simulacrum (D:15)
  3 sea snake simulacra (Shoals:4)
  A warg (Orc:1)
  Menkaure (D:4)
  3 harpy simulacra (Shoals:4)
  10 water moccasins
  Pargi (D:4)
  34 orc warriors
  2 sky beasts (D:7)
  A meliai simulacrum (D:14)
  4 black bears
  15 ice beasts
  2 satyr simulacra (Shoals:4)
  4 ice dragon simulacra (IceCv)
  4 ogres
  18 wolves
  A boggart (D:9)
  14 centaurs
  3 lemures (D:8)
  A phantom (D:6)
  8 kobold brigands
  A gnoll sergeant (D:6)
  21 bullfrogs
  2 merfolk simulacra (Shoals:4)
  6 scorpions
  3 faun simulacra (Shoals:4)
  8 wights
  3 manticore simulacra (Shoals:4)
  9 lindwurm simulacra (IceCv)
  6 electric eels
  6 howler monkeys
  A jelly (D:5)
  A hound (D:4)
  23 orc priests
  Crazy Yiuf (D:5)
  A cyclops simulacrum (Shoals:4)
  2 gnoll boudas
  5 iguanas
  Jessica (D:2)
  26 orc wizards
  Natasha (thrice) (D:3)
  7 hell rats (Lair:1)
  A polar bear simulacrum (Lair:5)
  3 yak simulacra (Lair:5)
  2 wolf simulacra (Lair:5)
  8 adders
  17 gnolls
  5 white imps
  3 ufetubi
  3 dart slugs
  89 orcs
  5 endoplasms
  3 giant cockroaches
  9 goblins
  7 hobgoblins
  3 jackals (D:3)
  24 kobolds
  2 quokkas (D:1)
  2 ball pythons
  4 bats (D:1)
  5 frilled lizards
  4 rats
  5 river rat simulacra (Lair:5)
  2 tentacles (Shoals:4)
1036 creatures vanquished.

Vanquished Creatures (others)
  A human (Shoals:3)
  11 tentacles
12 creatures vanquished.

Grand Total: 1048 creatures vanquished

Notes
Turn   | Place    | Note
-------+----------+-------------------------------------------
     0 | D:1      | McKennaii the Demigod Conjurer began the quest for the Orb.
     0 | D:1      | Reached XP level 1. HP: 14/14 MP: 5/5
   427 | D:1      | Reached XP level 2. HP: 20/20 MP: 3/7
  1138 | D:1      | Reached skill level 4 in Conjurations
  1228 | D:2      | Learned a level 2 spell: Searing Ray
  1457 | D:2      | Reached XP level 3. HP: 26/26 MP: 3/9
  2035 | D:2      | Noticed Jessica
  2038 | D:2      | Killed Jessica
  2039 | D:2      | Reached XP level 4. HP: 33/33 MP: 6/11
  2044 | D:2      | Learned a level 4 spell: Iskenderun's Mystic Blast
  2903 | D:3      | Noticed Sigmund
  2914 | D:3      | Killed Sigmund
  2915 | D:3      | Reached skill level 5 in Conjurations
  2915 | D:3      | Reached XP level 5. HP: 33/38 MP: 4/14
  3220 | D:3      | Reached XP level 6. HP: 36/45 MP: 9/15
  3398 | D:3      | Noticed Natasha
  3404 | D:3      | Killed Natasha
  3462 | D:3      | Noticed Natasha
  3469 | D:3      | Killed Natasha
  3485 | D:3      | Noticed Natasha
  3489 | D:3      | Killed Natasha
  3799 | D:4      | Reached skill level 6 in Conjurations
  3803 | D:4      | Noticed Pargi
  3919 | D:4      | Killed Pargi
  3920 | D:4      | Reached skill level 5 in Spellcasting
  3920 | D:4      | Reached XP level 7. HP: 39/50 MP: 8/17
  4457 | D:4      | Noticed Menkaure
  4464 | D:4      | Killed Menkaure
  4562 | D:4      | Found Tepimmil's Armour Shoppe.
  4759 | D:5      | Entered Level 5 of the Dungeon
  5045 | D:5      | Reached skill level 7 in Conjurations
  5124 | D:5      | Noticed a wyvern
  5130 | D:5      | Killed a wyvern
  5238 | D:5      | Reached XP level 8. HP: 40/57 MP: 13/20
  5937 | D:5      | Reached skill level 8 in Conjurations
  6188 | D:5      | Found a runed translucent door.
  6189 | D:5      | Noticed Crazy Yiuf
  6304 | D:5      | Killed Crazy Yiuf
  7253 | D:6      | Reached XP level 9. HP: 62/62 MP: 15/24
  7568 | D:7      | Reached skill level 9 in Conjurations
  8346 | D:7      | Found a staircase to the Ecumenical Temple.
  8967 | D:8      | Noticed a two-headed ogre
  8984 | D:8      | Killed a two-headed ogre
  8985 | D:8      | Reached skill level 10 in Conjurations
  9028 | D:8      | Learned a level 5 spell: Fireball
  9207 | D:8      | Noticed a rime drake
  9218 | D:8      | Killed a rime drake
  9219 | D:8      | Reached XP level 10. HP: 40/69 MP: 5/27
  9230 | D:8      | Noticed Grum
  9255 | D:8      | Killed Grum
  9553 | D:8      | Noticed Pikel
  9563 | D:8      | Killed Pikel
  9765 | D:8      | Reached skill level 11 in Conjurations
  9983 | D:8      | Noticed Amaemon
  9999 | D:8      | Killed Amaemon
 10000 | D:8      | Reached skill level 10 in Spellcasting
 10272 | D:8      | Noticed Psyche
 10278 | D:8      | Killed Psyche
 10515 | D:8      | Found a staircase to the Lair.
 10535 | D:8      | Found a runed translucent door.
 10535 | D:8      | Identified the +5 spear of Gehenna {heavy, rN+ Str+2 Int-3}
 10537 | D:8      | Identified the +9 mace of Wetyq {heavy, Contam rElec rCorr
                  | Dex+3}
 10539 | D:8      | Noticed peterlawrence's ghost (novice MiFi)
 10564 | D:8      | Noticed Joseph
 10571 | D:8      | Killed Joseph
 10733 | D:8      | Identified the +1 scale mail of Lugonu {*Corrode Str+6}
 10877 | D:8      | Learned a level 7 spell: Orb of Destruction
 11368 | D:9      | Noticed a centaur warrior
 11398 | D:9      | Killed a centaur warrior
 11412 | D:9      | Reached skill level 12 in Conjurations
 11554 | D:9      | Reached XP level 11. HP: 74/74 MP: 16/30
 12508 | D:9      | Noticed an angel
 12744 | D:10     | Entered Level 10 of the Dungeon
 12841 | D:10     | Found Cozer's Magic Scroll Shop.
 12850 | D:10     | Bought a scroll of teleportation for 39 gold pieces
 12850 | D:10     | Bought a scroll of teleportation for 39 gold pieces
 12850 | D:10     | Bought a scroll of enchant armour for 97 gold pieces
 13016 | D:10     | Noticed Sonja
 13018 | D:10     | Killed Sonja
 13092 | D:10     | Found a flagged portal.
 13160 | Bailey   | Entered a bailey
 13547 | Bailey   | Identified the +8 great mace "Keomomer" {flame, Drain rPois
                  | rF+ Will+}
 13696 | D:10     | Noticed Erolcha
 13700 | D:10     | Killed Erolcha
 14543 | D:10     | Learned a level 7 spell: Ozocubu's Refrigeration
 15006 | D:11     | Noticed Maurice
 15010 | D:11     | Killed Maurice
 15011 | D:11     | Reached skill level 13 in Conjurations
 15011 | D:11     | Reached skill level 1 in Ice Magic
 15047 | D:11     | Noticed Fannar
 15552 | D:11     | Noticed Snorg
 15553 | D:11     | Noticed Erica
 15730 | D:11     | Found a staircase to the Orcish Mines.
 15923 | D:11     | Killed Snorg
 15964 | D:11     | Killed Erica
 16440 | D:11     | Killed Fannar
 17105 | D:12     | Noticed a boulder beetle
 17124 | D:12     | Killed a boulder beetle
 17125 | D:12     | Reached XP level 12. HP: 81/81 MP: 7/32
 17463 | Lair:1   | Entered Level 1 of the Lair of Beasts
 17606 | D:8      | Reached skill level 5 in Ice Magic
 18081 | D:8      | Killed peterlawrence's ghost
 19089 | Lair:1   | HP: 4/81 [poisoned by a cane toad]
 20954 | Lair:2   | Reached skill level 14 in Conjurations
 21856 | Lair:3   | Found a hole to the Spider Nest.
 22151 | Lair:3   | Noticed Gastronok
 22314 | Lair:3   | Killed Gastronok
 22315 | Lair:3   | Reached XP level 13. HP: 84/86 MP: 0/34
 22776 | Lair:3   | Found a staircase to the Shoals.
 25210 | Lair:4   | Reached skill level 10 in Ice Magic
 25625 | Lair:5   | Entered Level 5 of the Lair of Beasts
 27733 | Lair:5   | Reached skill level 15 in Conjurations
 27976 | Lair:5   | Reached XP level 14. HP: 93/93 MP: 21/36
 29140 | Lair:5   | Found a staircase to the Slime Pits.
 29669 | D:12     | Noticed Nessos
 29861 | D:12     | Found Guwuul's Gadget Gallery.
 30298 | D:12     | Killed Nessos
 31529 | D:12     | Learned a level 6 spell: Iron Shot
 31997 | D:13     | Noticed Urug
 31999 | D:13     | Killed Urug
 32864 | D:13     | Found a gate to the Vaults.
 34107 | D:14     | Found a frozen archway.
 34121 | IceCv    | Entered an ice cave
 34505 | IceCv    | Noticed a golden dragon
 35031 | IceCv    | Killed a golden dragon
 35069 | IceCv    | Identified the ring "Jostrara" {Fly Will+ Dex-4 SInv}
 35078 | IceCv    | Identified the ring of Beasos {rElec Str+6}
 35236 | D:14     | HP: 3/93 [centaur warrior/arrow (21)]
 36194 | D:15     | Entered Level 15 of the Dungeon
 36354 | D:14     | Reached XP level 15. HP: 86/99 MP: 1/39
 36900 | D:15     | Found a staircase to the Depths.
 37243 | D:15     | Identified 3 scrolls of acquirement
 37721 | D:15     | Reached skill level 16 in Conjurations
 38408 | Orc:1    | Entered Level 1 of the Orcish Mines
 39479 | Orc:2    | Entered Level 2 of the Orcish Mines
 39616 | Orc:2    | Found Ketyprum's Weapon Emporium.
 40189 | Orc:2    | Reached skill level 15 in Spellcasting
 40658 | Orc:2    | Found Zunlur's Assorted Antiques.
 41791 | Orc:2    | Found Ogokasm's General Store.
 41799 | Orc:2    | Bought a potion of heal wounds for 70 gold pieces
 41799 | Orc:2    | Bought a potion of haste for 140 gold pieces
 41799 | Orc:2    | Bought a potion of heal wounds for 70 gold pieces
 41799 | Orc:2    | Bought a potion of curing for 42 gold pieces
 42249 | Orc:2    | Found Xasykh's Antique Weapon Shoppe.
 42251 | Orc:2    | Found Azxeb's Antique Armour Emporium.
 42561 | Orc:2    | Bought a potion of curing for 84 gold pieces
 42561 | Orc:2    | Bought a scroll labelled PIAFUSK JEEB for 28 gold pieces
 42640 | Orc:2    | Found Berits's Distillery.
 42648 | Orc:2    | Bought a potion of curing for 39 gold pieces
 42648 | Orc:2    | Bought a potion of curing for 39 gold pieces
 42648 | Orc:2    | Bought a potion of heal wounds for 65 gold pieces
 42648 | Orc:2    | Bought a potion of brilliance for 52 gold pieces
 42648 | Orc:2    | Bought a potion of resistance for 130 gold pieces
 42662 | Orc:2    | Found Rual's Weapon Shoppe.
 42670 | Orc:2    | Found a staircase to the Elven Halls.
 42969 | Shoals:1 | Entered Level 1 of the Shoals
 43125 | Lair:3   | Acquired 888 gold pieces
 43126 | Lair:3   | Acquired 927 gold pieces
 43127 | Lair:3   | Acquired a +1 pair of gloves of strength
 44211 | Shoals:1 | Reached skill level 1 in Fighting
 46073 | Shoals:2 | Found a transporter.
 46076 | Shoals:2 | Found a transporter.
 46080 | Shoals:2 | Found a transporter.
 46082 | Shoals:2 | Found a transporter.
 46345 | Shoals:2 | Found a transporter.
 46345 | Shoals:2 | Found a transporter.
 46485 | Shoals:2 | Noticed a kraken
 46497 | Shoals:2 | Killed a kraken
 46694 | Shoals:2 | Reached XP level 16. HP: 97/114 MP: 32/41
 48041 | Shoals:3 | Reached skill level 17 in Conjurations
 48857 | Shoals:3 | Noticed a kraken
 48861 | Shoals:3 | Killed a kraken
 49276 | Shoals:3 | Reached skill level 5 in Fighting
 49411 | Shoals:3 | Noticed Kirke
 49415 | Shoals:3 | Killed Kirke
 49517 | Shoals:3 | Noticed Roxanne
 49598 | Shoals:3 | Identified the +6 trident of Karma {holy, Will+}
 49979 | Shoals:3 | Killed Roxanne
 50110 | Shoals:4 | Entered Level 4 of the Shoals
 50117 | Shoals:4 | Noticed Nikola
 50127 | Shoals:4 | Killed Nikola
 50274 | Shoals:4 | Noticed Donald
 50331 | Shoals:4 | Reached skill level 15 in Ice Magic
 50526 | Shoals:4 | Noticed Aizul
 50529 | Shoals:4 | Killed Aizul
 50595 | Shoals:4 | Found a runed translucent gate.
 50597 | Shoals:4 | Found a runed translucent gate.
 50598 | Shoals:4 | Found a runed translucent gate.
 51233 | Shoals:4 | Killed Donald
 52061 | Shoals:4 | Got a barnacled rune of Zot
 52248 | Shoals:4 | Identified the staff of conjuration "Xiumitad" {rElec
                  | Int+3}
 52264 | Shoals:4 | Noticed Polyphemus
 52295 | Shoals:4 | HP: 1/124 [Polyphemus/large rock (54)]
 52871 | Shoals:4 | HP: 5/124 [tentacle[a kraken simulacrum] (14)]
 53469 | Shoals:4 | Reached XP level 17. HP: 96/130 MP: 20/43
 53730 | Shoals:4 | Identified the +11 trident of the Twenty Wishes {flame,
                  | rElec rPois Str+3}
 53734 | Shoals:4 | Identified the ring "Iteb Reu" {*Slow Str+6 Int+5 Stlth+}
 53738 | Shoals:4 | Identified the +2 plate armour of Uzximiz {rN+ Will+}
 53789 | Shoals:4 | Killed Polyphemus
 53981 | Spider:1 | Entered Level 1 of the Spider Nest
 56647 | Spider:1 | HP: 6/133 [spark wasp (16)]
 56651 | Spider:1 | Slain by a spark wasp

Illustrated notes

Levels and vault maps discovered:
D:1:      grunt_arrival_lava_bath, layout_loops_corners
D:2:      layout_basic, uniq_jessica
D:3:      layout_loops_corners, uniq_natasha, uniq_sigmund
D:4:      layout_cave_pods, serial_shops, shop, uniq_pargi, uniq_menkaure
D:5:      layout_loops_cross, nicolae_hexahallways, uniq_crazy_yiuf_cottage
D:6:      layout_gridville, nicolae_overflow_hidden_temple
D:7:      layout_basic, minmay_temple_entry_stoned_glass, uniq_prince_ribbit1
D:8:      layout_loops_cross, hellmonk_lair_entry_icy,
          ebering_ghost_funeral_grove, uniq_psyche, uniq_grum, uniq_joseph,
          uniq_pikel, uniq_amaemon
D:9:      minmay_slanted_spiral_squares, layout_small_grid, zin_angel
D:10:     layout_layer_cave, serial_shops, shop, enter_bailey_4,
          minmay_starry_boxes, uniq_erolcha, uniq_sonja
D:11:     layout_loops_ring, minmay_orc_entry_temple_small, uniq_fannar,
          uniq_maurice, uniq_snorg, uniq_erica
D:12:     layout_loops_corners, nicolae_shop_gadgets, uniq_nessos
D:13:     layout_basic, david_vaults_4, uniq_urug
D:14:     layout_basic, reono_crystal_passage, serial_ice, serial_ice_o,
          serial_ice_j, serial_ice_c, serial_ice_b,
          portal_ice_cave_entry_pillars_three
D:15:     gammafunk_depths_entry_grave, layout_loops_ring, eino_curves_04,
          minmay_misc_feat_room, nrook_loot_triangle
Lair:1:   layout_loops_ring, serial_bayou_shore_b
Lair:2:   layout_small_grid, nicolae_quartered_pool_medium,
          chequers_serial_rivers_large_a, gammafunk_lair_bear_cave
Lair:3:   layout_regular_city, elwin_shoals_entry_stream, spider_nest_entry_a,
          grunt_megastairs_3, uniq_gastronok
Lair:4:   layout_cave_pods, beast_lair_carwin_1
Lair:5:   minmay_lair_end_frog_pond, layout_hall_layers, slime_entry_1,
          st_stairs_6, eino_house_with_fridge, lemuel_fruit_tree
Shoals:1: layout_shoals, overgrown_hall
Shoals:2: layout_shoals, serial_nicolae_subway, nicolae_sub_station_stone,
          nicolae_sub_station_metal, nicolae_sub_station_crystal
Shoals:3: layout_shoals, centaur_isle, uniq_kirke, uniq_roxanne
Shoals:4: shoals_end_simple, layout_shoals, nicolae_shoals_beach_cooler,
          uniq_aizul, uniq_donald, uniq_polyphemus, uniq_nikola
Spider:1: layout_spider_delve, drop_trap
Spider:2: nicolae_spider_obnoxious_hallway, nicolae_spider_cling_halls
Orc:1:    layout_diamond_mine
Orc:2:    grunt_orc_community_town_hall, layout_diamond_mine,
          grunt_orc_community_big_house_2, grunt_orc_community_big_house_1,
          grunt_orc_community_house_1, grunt_orc_community_house_3,
          grunt_orc_community_house_1, grunt_orc_community_house_3,
          grunt_orc_community_house_3, serial_shops,
          nicolae_shop_bloodbath_and_beyond, nicolae_shop_behind_doors, shop

Skill      XL: |  1  2  3  4  5  6  7  8  9 10 11 12 13 14 15 16 17 |
---------------+----------------------------------------------------+-----
Spellcasting   | 2 3 4 5 6 7 9 10 12 13 14 15 16 | 16.6
Conjurations   | 4 5 6 7 8 10 12 13 14 15 16 17 | 17.9
Ice Magic      | 4 8 11 13 14 15 | 15.7
Fighting       | 3 6 7 |  7.6
Dodging        | |  1.7
Stealth        | |  1.7

Action                     |  1- 3 |  4- 6 |  7- 9 | 10-12 | 13-15 | 16-18 || total
---------------------------+-------+-------+-------+-------+-------+-------++-------
  Melee: Falchion          |       |       |     1 |    28 |       |       ||    29
         Morningstar       |       |       |       |    42 |    15 |       ||    57
         Staff             |       |       |       |       |    76 |     3 ||    79
         Punch             |       |       |       |       |     3 |       ||     3
   Cast: Magic Dart        |    69 |    81 |   187 |   119 |    69 |       ||   525
         Searing Ray       |       |     6 |    51 |    30 |     9 |     1 ||    97
         Iskenderun's Myst |       |       |     9 |   107 |   129 |    40 ||   285
         Fireball          |       |       |       |   183 |   206 |    28 ||   417
         Orb of Destructio |       |       |       |    12 |    12 |    11 ||    35
         Ozocubu's Refrige |       |       |       |       |    68 |   135 ||   203
         Iron Shot         |       |       |       |       |   325 |    72 ||   397
  Evoke: Wand              |       |       |       |     4 |    10 |     8 ||    22
    Use: Scroll            |       |       |       |    16 |    21 |    10 ||    47
         Potion            |       |       |       |       |     4 |     6 ||    10
 Armour: Robe              |     3 |     3 |     7 |     1 |     3 |    36 ||    53
         Steam dragon scal |       |       |       |    46 |    80 |       ||   126
  Dodge: Dodged            |     4 |    29 |    99 |   147 |   183 |    27 ||   489
  Block: Other             |       |       |    22 |    71 |    66 |    18 ||   177
         Reflection        |       |       |     1 |    11 |     3 |     3 ||    18
